| Goals | Penalties |
1. Rangers , Kyle Connor 5 (Nazem Kadri 3, Jeremy Lauzon 2) at 3:12
2. Golden Seals , Tyler Toffoli 2 (William Karlsson 1) at 15:21
|
No Penalty
|
3. Golden Seals , Jani Nyman 2 (Robby Fabbri 1, Max Domi 4) at 7:53
4. Golden Seals , Robby Fabbri 1 (Max Domi 5) at 15:50
5. Rangers , Kyle Connor 6 (Claude Giroux 4, Josh Morrissey 3) at 16:48
|
Jake McCabe (CLF) for High sticking (Minor) at 12:34
|
6. Rangers , Chandler Stephenson 1 (Warren Foegele 1, Rasmus Andersson 4) at 11:37
7. Golden Seals , William Karlsson 3 (Tyler Toffoli 4) at 18:52
|
No Penalty
|
|
Anthony Stolarz (NYR), 31 saves from 35 shots - (0,886), L, 3-3-1, 59:08 minutes
Andrei Vasilevskiy (CLF), 31 saves from 34 shots - (0,912), W, 2-1-0, 60:00 minutes
|
|
1 - Kyle Connor (NYR)
2 - Robby Fabbri (CLF)
3 - Tyler Toffoli (CLF)
|
Referees : Peter MacDougall and Shaun Davis
Linesman : Travis Gawryletz and Scott Cherrey
|
|
| No Game Note
|
|
Level 1 -- Attendance: 6000 (100,00%) -- Ticket Income $360,000
Level 2 -- Attendance: 5000 (100,00%) -- Ticket Income $175,000
Level 3 -- Attendance: 2000 (100,00%) -- Ticket Income $32,000
Level 4 -- Attendance: 4000 (100,00%) -- Ticket Income $40,000
Luxury Box -- Attendance: 1000 (100,00%) -- Ticket Income $100,000
Game was played at the Sideburns Coliseum.
Total Attendance: 18000 (100,00%)
Total Ticket Income: $707,000
Other Income: $346,430
Total Income: $1,053,430
|
Rangers
| 5 vs 5 Forward |
|---|
| Line # | Left Wing | Center | Right Wing | PHY | DF | OF | Wanted % | Time % | Time Play |
| 1 | Kyle Connor | Claude Giroux | Nazem Kadri | 0 | 1 | 4 | 34 | 32% | 18:07
|
| 2 | Carter Verhaeghe | Roope Hintz | Conor Garland | 0 | 2 | 3 | 34 | 33% | 19:02
|
| 3 | Warren Foegele | Chandler Stephenson | Cole Perfetti | 0 | 3 | 2 | 22 | 22% | 12:22
|
| 4 | Erik Haula | Nicolas Roy | Cody Glass | 0 | 4 | 1 | 10 | 13% | 7:23
|
| 5 vs 5 Defense |
|---|
| Line # | Defense | Defense | | PHY | DF | OF | Wanted % | Time % | Time Play |
| 1 | Nick Jensen | Josh Morrissey | | 0 | 3 | 2 | 38 | 38% | 21:44
|
| 2 | Dylan Samberg | Rasmus Andersson | | 0 | 3 | 2 | 34 | 34% | 19:19
|
| 3 | Jeremy Lauzon | Marc Del Gaizo | | 0 | 4 | 1 | 28 | 28% | 15:51
|
| 4 | Rasmus Andersson | Nick Jensen | | 0 | 4 | 1 | 0 | 0% | 0:00
|
| Power Play Forward |
|---|
| Line # | Left Wing | Center | Right Wing | PHY | DF | OF | Wanted % | Time % | Time Play |
| 1 | Kyle Connor | Nazem Kadri | Roope Hintz | 0 | 0 | 5 | 60 | 43% | 0:51
|
| 2 | Carter Verhaeghe | Claude Giroux | Cole Perfetti | 0 | 0 | 5 | 40 | 57% | 1:08
|
| Power Play Defense |
|---|
| Line # | Defense | Defense | | PHY | DF | OF | Wanted % | Time % | Time Play |
| 1 | Rasmus Andersson | Josh Morrissey | | 0 | 1 | 4 | 60 | 76% | 1:30
|
| 2 | Nick Jensen | Dylan Samberg | | 0 | 1 | 4 | 40 | 24% | 0:29
|
| Penalty Kill 4 Players Forward |
|---|
| Line # | Center | Wing | PHY | DF | OF | Wanted % | Time % | Time Play |
| 1 | Chandler Stephenson | Erik Haula | 0 | 5 | 0 | 60 | 0% | 0:00
|
| 2 | Claude Giroux | Nicolas Roy | 0 | 5 | 0 | 40 | 0% | 0:00
|
| Penalty Kill 4 Players Defense |
|---|
| Line # | Defense | Defense | PHY | DF | OF | Wanted % | Time % | Time Play |
| 1 | Dylan Samberg | Nick Jensen | 1 | 4 | 0 | 60 | 0% | 0:00
|
| 2 | Jeremy Lauzon | Rasmus Andersson | 1 | 4 | 0 | 40 | 0% | 0:00
|
| Penalty Kill 3 Players |
|---|
| Line # | Wing | PHY | DF | OF | Wanted % | Time % | Time Play | Defense | Defense | PHY | DF | OF | Wanted % | Time % | Time Play |
| 1 | Erik Haula | 0 | 4 | 1 | 60 | 0% | 0:00
| Dylan Samberg | Nick Jensen | 1 | 4 | 0 | 60 | 0% | 0:00
|
| 2 | Claude Giroux | 0 | 4 | 1 | 40 | 0% | 0:00
| Jeremy Lauzon | Rasmus Andersson | 1 | 4 | 0 | 40 | 0% | 0:00
|
| 4 vs 4 Forward |
|---|
| Line # | Center | Wing | PHY | DF | OF | Wanted % | Time % | Time Play |
| 1 | Chandler Stephenson | Nicolas Roy | 0 | 3 | 2 | 60 | 0% | 0:00
|
| 2 | Claude Giroux | Erik Haula | 0 | 3 | 2 | 40 | 0% | 0:00
|
| 4 vs 4 Defense |
|---|
| Line # | Defense | | PHY | DF | OF | Wanted % | Time % | Time Play |
| 1 | Nick Jensen | Rasmus Andersson | 0 | 3 | 2 | 60 | 0% | 0:00
|
| 2 | Dylan Samberg | Josh Morrissey | 0 | 3 | 2 | 40 | 0% | 0:00
|
| Last Minutes Offensive |
|---|
| Left Wing | Center | Right Wing | Defense | Defense |
| Kyle Connor | Roope Hintz | Nazem Kadri | Josh Morrissey | Rasmus Andersson |
| Last Minutes Defensive |
|---|
| Left Wing | Center | Right Wing | Defense | Defense |
| Chandler Stephenson | Claude Giroux | Nicolas Roy | Nick Jensen | Dylan Samberg |
| Time |
|---|
| Total Forward | Total Defense | Last Minutes Offensive | Last Minutes Defensive |
| 60:00 |
60:00 |
1:07 | 0:00 |
| Extra Forwards |
|---|
| Normal | PowerPlay | Penalty Kill |
|
Erik Haula, Conor Garland, Warren Foegele | Roope Hintz, Carter Verhaeghe | Chandler Stephenson |
| Extra Defensemen |
|---|
| Normal | PowerPlay | Penalty Kill |
|
Nick Jensen, Rasmus Andersson, Jeremy Lauzon | Nick Jensen, Rasmus Andersson | Jeremy Lauzon |
| Penalty Shots |
|---|
|
Kyle Connor, Roope Hintz, Erik Haula, Cole Perfetti, Nazem Kadri |
| Goalie |
|---|
| Anthony Stolarz, Frederik Andersen |
| Custom OT Lines Forwards |
|---|
|
Kyle Connor, Roope Hintz, Chandler Stephenson, Carter Verhaeghe, Nazem Kadri, Claude Giroux, Erik Haula, Warren Foegele, Conor Garland, Cole Perfetti |
| Custom OT Lines Defensemen |
|---|
|
Josh Morrissey, Rasmus Andersson, Dylan Samberg, Nick Jensen, Jeremy Lauzon |
| Scratches |
|---|
|
Jack Johnson (Strained Back Injury), Nicholas Robertson (Healthy), Jet Greaves (Healthy) |
Golden Seals
| 5 vs 5 Forward |
|---|
| Line # | Left Wing | Center | Right Wing | PHY | DF | OF | Wanted % | Time % | Time Play |
| 1 | Jaden Schwartz | Nick Suzuki | Jason Robertson | 0 | 2 | 3 | 40 | 38% | 21:25
|
| 2 | Tyler Toffoli | William Karlsson | Bobby Brink | 0 | 3 | 2 | 30 | 29% | 16:32
|
| 3 | Robby Fabbri | Max Domi | Jani Nyman | 0 | 3 | 2 | 20 | 20% | 11:29
|
| 4 | Zachary L'Heureux | Mavrik Bourque | Barclay Goodrow | 0 | 3 | 2 | 10 | 13% | 7:28
|
| 5 vs 5 Defense |
|---|
| Line # | Defense | Defense | | PHY | DF | OF | Wanted % | Time % | Time Play |
| 1 | Jake McCabe | Thomas Harley | | 0 | 4 | 1 | 40 | 39% | 22:28
|
| 2 | Colton Parayko | Cody Ceci | | 0 | 4 | 1 | 40 | 40% | 22:39
|
| 3 | Dmitry Kulikov | Ryan Suter | | 0 | 4 | 1 | 20 | 21% | 11:47
|
| 4 | Colton Parayko | Jake McCabe | | 1 | 3 | 1 | 0 | 0% | 0:00
|
| Power Play Forward |
|---|
| Line # | Left Wing | Center | Right Wing | PHY | DF | OF | Wanted % | Time % | Time Play |
| 1 | Jaden Schwartz | Nick Suzuki | Jason Robertson | 0 | 0 | 5 | 55 | 0% | 0:00
|
| 2 | Max Domi | William Karlsson | Tyler Toffoli | 0 | 0 | 5 | 45 | 0% | 0:00
|
| Power Play Defense |
|---|
| Line # | Defense | Defense | | PHY | DF | OF | Wanted % | Time % | Time Play |
| 1 | Thomas Harley | Jani Nyman | | 0 | 1 | 4 | 52 | 0% | 0:00
|
| 2 | Colton Parayko | Bobby Brink | | 0 | 1 | 4 | 48 | 0% | 0:00
|
| Penalty Kill 4 Players Forward |
|---|
| Line # | Center | Wing | PHY | DF | OF | Wanted % | Time % | Time Play |
| 1 | Mavrik Bourque | Barclay Goodrow | 1 | 4 | 0 | 55 | 66% | 1:19
|
| 2 | William Karlsson | Zachary L'Heureux | 1 | 4 | 0 | 45 | 34% | 0:40
|
| Penalty Kill 4 Players Defense |
|---|
| Line # | Defense | Defense | PHY | DF | OF | Wanted % | Time % | Time Play |
| 1 | Jake McCabe | Colton Parayko | 1 | 4 | 0 | 55 | 100% | 1:59
|
| 2 | Cody Ceci | Ryan Suter | 1 | 4 | 0 | 45 | 0% | 0:00
|
| Penalty Kill 3 Players |
|---|
| Line # | Wing | PHY | DF | OF | Wanted % | Time % | Time Play | Defense | Defense | PHY | DF | OF | Wanted % | Time % | Time Play |
| 1 | Barclay Goodrow | 0 | 5 | 0 | 55 | 0% | 0:00
| Colton Parayko | Jake McCabe | 0 | 5 | 0 | 60 | 0% | 0:00
|
| 2 | Mavrik Bourque | 0 | 5 | 0 | 45 | 0% | 0:00
| Cody Ceci | Ryan Suter | 0 | 5 | 0 | 40 | 0% | 0:00
|
| 4 vs 4 Forward |
|---|
| Line # | Center | Wing | PHY | DF | OF | Wanted % | Time % | Time Play |
| 1 | Nick Suzuki | Jason Robertson | 0 | 3 | 2 | 60 | 0% | 0:00
|
| 2 | William Karlsson | Tyler Toffoli | 0 | 3 | 2 | 40 | 0% | 0:00
|
| 4 vs 4 Defense |
|---|
| Line # | Defense | | PHY | DF | OF | Wanted % | Time % | Time Play |
| 1 | Colton Parayko | Jake McCabe | 0 | 4 | 1 | 60 | 0% | 0:00
|
| 2 | Cody Ceci | Thomas Harley | 0 | 4 | 1 | 40 | 0% | 0:00
|
| Last Minutes Offensive |
|---|
| Left Wing | Center | Right Wing | Defense | Defense |
| Tyler Toffoli | Nick Suzuki | Jason Robertson | Thomas Harley | William Karlsson |
| Last Minutes Defensive |
|---|
| Left Wing | Center | Right Wing | Defense | Defense |
| Zachary L'Heureux | William Karlsson | Barclay Goodrow | Colton Parayko | Jake McCabe |
| Time |
|---|
| Total Forward | Total Defense | Last Minutes Offensive | Last Minutes Defensive |
| 60:00 |
60:00 |
0:00 | 1:07 |
| Extra Forwards |
|---|
| Normal | PowerPlay | Penalty Kill |
|
Tyler Toffoli, Nick Suzuki, Mavrik Bourque | Tyler Toffoli, Nick Suzuki | Nick Suzuki |
| Extra Defensemen |
|---|
| Normal | PowerPlay | Penalty Kill |
|
Colton Parayko, Dmitry Kulikov, Jake McCabe | Colton Parayko, Jake McCabe | Colton Parayko |
| Penalty Shots |
|---|
|
Nick Suzuki, Jason Robertson, Bobby Brink, William Karlsson, Tyler Toffoli |
| Goalie |
|---|
| Andrei Vasilevskiy, Daniil Tarasov |
| Custom OT Lines Forwards |
|---|
|
Nick Suzuki, Jason Robertson, William Karlsson, Tyler Toffoli, Jaden Schwartz, Max Domi, Jani Nyman, Bobby Brink, Robby Fabbri, Mavrik Bourque |
| Custom OT Lines Defensemen |
|---|
|
Colton Parayko, Jake McCabe, Thomas Harley, Dmitry Kulikov, Cody Ceci |
| Scratches |
|---|
|
Nick Cousins (Healthy), Jonatan Berggren (Healthy), Tyler Tucker (Healthy) |
Play-by-Play
1st period
0:01 of 1st period - Nazem Kadri wins face-off versus Nick Suzuki in neutral zone.
0:19 of 1st period - Claude Giroux is hit by Jason Robertson and loses puck.
0:59 of 1st period - Snap shot by Max Domi.
0:59 of 1st period - Stopped by Anthony Stolarz without a rebound.
1:00 of 1st period - Nicolas Roy wins face-off versus Mavrik Bourque in Rangers zone.
1:09 of 1st period - Slapshot by Erik Haula.
1:09 of 1st period - Shot Misses the Net.
1:11 of 1st period - Slapshot by Rasmus Andersson.
1:11 of 1st period - Shot Blocked by Dmitry Kulikov.
1:13 of 1st period - Slapshot by Rasmus Andersson.
1:13 of 1st period - Deflect By Nicolas Roy.
1:13 of 1st period - Stopped by Andrei Vasilevskiy without a rebound.
1:14 of 1st period - Nick Suzuki wins face-off versus Roope Hintz in Golden Seals zone.
1:41 of 1st period - Nazem Kadri is hit by Colton Parayko and loses puck.
3:10 of 1st period - Slapshot by Kyle Connor.
3:10 of 1st period - Stopped by Andrei Vasilevskiy with a rebound.
3:12 of 1st period - Snap shot by Kyle Connor.
3:12 of 1st period - Deflect By William Karlsson.
3:12 of 1st period - Goal by Kyle Connor - Rangers : 1 - Golden Seals : 0.
3:13 of 1st period - Jaden Schwartz wins face-off versus Kyle Connor in neutral zone.
3:24 of 1st period - Wrist shot by Nick Suzuki.
3:24 of 1st period - Stopped by Anthony Stolarz with a rebound.
3:26 of 1st period - Snap shot by Jake McCabe.
3:26 of 1st period - Shot Hit the Post.
3:28 of 1st period - Slapshot by Thomas Harley.
3:28 of 1st period - Deflect By Kyle Connor.
3:28 of 1st period - Stopped by Anthony Stolarz without a rebound.
3:29 of 1st period - Max Domi wins face-off versus Carter Verhaeghe in Rangers zone.
3:30 of 1st period - Snap shot by Jani Nyman.
3:30 of 1st period - Stopped by Anthony Stolarz with a rebound.
3:54 of 1st period - Jani Nyman is hit by Claude Giroux.
4:21 of 1st period - Snap shot by Robby Fabbri.
4:21 of 1st period - Shot Misses the Net.
4:27 of 1st period - Wrist shot by Max Domi.
4:27 of 1st period - Shot Misses the Net.
4:51 of 1st period - Chandler Stephenson is hit by Jake McCabe and loses puck.
5:02 of 1st period - Wrist shot by Max Domi.
5:02 of 1st period - Deflect By Jani Nyman.
5:02 of 1st period - Shot Misses the Net.
5:02 of 1st period - Puck is out of play.
5:03 of 1st period - Roope Hintz wins face-off versus Nick Suzuki in Rangers zone.
5:03 of 1st period - Roope Hintz is hit by Nick Suzuki.
5:49 of 1st period - Icing by Claude Giroux.
5:50 of 1st period - Nazem Kadri wins face-off versus Mavrik Bourque in Rangers zone.
6:09 of 1st period - Icing by Nicolas Roy.
6:10 of 1st period - Nick Suzuki wins face-off versus Nicolas Roy in Rangers zone.
6:11 of 1st period - Wrist shot by Jason Robertson.
6:11 of 1st period - Deflect By Nick Suzuki.
6:11 of 1st period - Shot Misses the Net.
6:11 of 1st period - Puck is out of play.
6:12 of 1st period - Roope Hintz wins face-off versus Nick Suzuki in Rangers zone.
6:16 of 1st period - Off-side.
6:17 of 1st period - Nick Suzuki wins face-off versus Roope Hintz in neutral zone.
6:42 of 1st period - Wrist shot by Nick Suzuki.
6:42 of 1st period - Shot Misses the Net.
6:45 of 1st period - Icing by Conor Garland.
6:46 of 1st period - William Karlsson wins face-off versus Conor Garland in Rangers zone.
7:01 of 1st period - Off-side.
7:02 of 1st period - Claude Giroux wins face-off versus Nick Suzuki in neutral zone.
7:52 of 1st period - Jake McCabe is hit by Dylan Samberg and loses puck.
8:29 of 1st period - Nick Jensen is hit by Colton Parayko and loses puck.
8:58 of 1st period - Dmitry Kulikov is hit by Marc Del Gaizo and loses puck.
9:55 of 1st period - Off-side.
9:56 of 1st period - Claude Giroux wins face-off versus Nick Suzuki in neutral zone.
10:09 of 1st period - Snap shot by Kyle Connor.
10:09 of 1st period - Shot Hit the Post.
10:33 of 1st period - Slapshot by Claude Giroux.
10:33 of 1st period - Stopped by Andrei Vasilevskiy with a rebound.
10:35 of 1st period - Wrist shot by Claude Giroux.
10:35 of 1st period - Stopped by Andrei Vasilevskiy with a rebound.
10:37 of 1st period - Slapshot by Kyle Connor.
10:37 of 1st period - Stopped by Andrei Vasilevskiy with a rebound.
10:39 of 1st period - Slapshot by Dylan Samberg.
10:39 of 1st period - Deflect By Nazem Kadri.
10:39 of 1st period - Shot Misses the Net.
10:39 of 1st period - Puck is out of play.
10:40 of 1st period - Bobby Brink wins face-off versus Roope Hintz in Golden Seals zone.
10:53 of 1st period - Wrist shot by Tyler Toffoli.
10:53 of 1st period - Stopped by Anthony Stolarz without a rebound.
10:54 of 1st period - Chandler Stephenson wins face-off versus Bobby Brink in Rangers zone.
11:32 of 1st period - Icing by Josh Morrissey.
11:33 of 1st period - Carter Verhaeghe wins face-off versus Mavrik Bourque in Rangers zone.
11:33 of 1st period - Carter Verhaeghe is hit by Barclay Goodrow.
11:49 of 1st period - Wrist shot by Conor Garland.
11:49 of 1st period - Stopped by Andrei Vasilevskiy without a rebound.
11:50 of 1st period - William Karlsson wins face-off versus Claude Giroux in Golden Seals zone.
12:15 of 1st period - Conor Garland is hit by Nick Suzuki and loses puck.
12:20 of 1st period - Snap shot by Nick Suzuki.
12:20 of 1st period - Stopped by Anthony Stolarz without a rebound.
12:21 of 1st period - Jaden Schwartz wins face-off versus Chandler Stephenson in Rangers zone.
12:59 of 1st period - Thomas Harley is hit by Kyle Connor and loses puck.
13:11 of 1st period - Off-side.
13:12 of 1st period - Roope Hintz wins face-off versus Max Domi in neutral zone.
13:38 of 1st period - Colton Parayko is hit by Jeremy Lauzon.
13:46 of 1st period - Snap shot by Kyle Connor.
13:46 of 1st period - Stopped by Andrei Vasilevskiy without a rebound.
13:47 of 1st period - William Karlsson wins face-off versus Chandler Stephenson in Golden Seals zone.
14:12 of 1st period - Claude Giroux is hit by Jason Robertson and loses puck.
14:37 of 1st period - Carter Verhaeghe is hit by Robby Fabbri and loses puck.
15:04 of 1st period - Wrist shot by Mavrik Bourque.
15:04 of 1st period - Shot Misses the Net.
15:06 of 1st period - Slapshot by Jake McCabe.
15:06 of 1st period - Shot Misses the Net.
15:15 of 1st period - Icing by Nicolas Roy.
15:16 of 1st period - William Karlsson wins face-off versus Chandler Stephenson in Rangers zone.
15:19 of 1st period - Slapshot by Bobby Brink.
15:19 of 1st period - Stopped by Anthony Stolarz without a rebound.
15:20 of 1st period - William Karlsson wins face-off versus Chandler Stephenson in Rangers zone.
15:21 of 1st period - Snap shot by Tyler Toffoli.
15:21 of 1st period - Goal by Tyler Toffoli - Rangers : 1 - Golden Seals : 1.
15:22 of 1st period - Claude Giroux wins face-off versus Nick Suzuki in neutral zone.
15:37 of 1st period - Wrist shot by Nick Suzuki.
15:37 of 1st period - Stopped by Anthony Stolarz without a rebound.
15:38 of 1st period - Roope Hintz wins face-off versus William Karlsson in Rangers zone.
15:51 of 1st period - Colton Parayko is hit by Roope Hintz and loses puck.
16:06 of 1st period - Wrist shot by Tyler Toffoli.
16:06 of 1st period - Stopped by Anthony Stolarz with a rebound.
16:26 of 1st period - Slapshot by Max Domi.
16:26 of 1st period - Shot Misses the Net.
17:14 of 1st period - Snap shot by Tyler Toffoli.
17:14 of 1st period - Shot Blocked by Marc Del Gaizo.
17:32 of 1st period - Jason Robertson is hit by Jeremy Lauzon and loses puck.
17:37 of 1st period - Wrist shot by Claude Giroux.
17:37 of 1st period - Stopped by Andrei Vasilevskiy without a rebound.
17:38 of 1st period - Nick Suzuki wins face-off versus Claude Giroux in Golden Seals zone.
17:49 of 1st period - Wrist shot by Jaden Schwartz.
17:49 of 1st period - Stopped by Anthony Stolarz with a rebound.
17:51 of 1st period - Snap shot by Thomas Harley.
17:51 of 1st period - Stopped by Anthony Stolarz without a rebound.
17:52 of 1st period - Roope Hintz wins face-off versus Nick Suzuki in Rangers zone.
18:02 of 1st period - Snap shot by Jason Robertson.
18:02 of 1st period - Stopped by Anthony Stolarz with a rebound.
18:48 of 1st period - Wrist shot by Claude Giroux.
18:48 of 1st period - Shot Blocked by Bobby Brink.
18:52 of 1st period - Snap shot by Claude Giroux.
18:52 of 1st period - Shot Blocked by Dmitry Kulikov.
18:54 of 1st period - Wrist shot by Nazem Kadri.
18:54 of 1st period - Shot Blocked by Ryan Suter.
Goals for this period are 1 for Rangers vs 1 for Golden Seals.
Shots for this period are 9 for Rangers vs 13 for Golden Seals.
2nd period
0:01 of 2nd period - Claude Giroux wins face-off versus Nick Suzuki in neutral zone.
1:36 of 2nd period - Slapshot by Cody Ceci.
1:36 of 2nd period - Deflect By Jaden Schwartz.
1:36 of 2nd period - Shot Misses the Net.
1:36 of 2nd period - Puck is out of play.
1:37 of 2nd period - Nick Suzuki wins face-off versus Roope Hintz in Rangers zone.
1:38 of 2nd period - Wrist shot by Jason Robertson.
1:38 of 2nd period - Shot Misses the Net.
1:40 of 2nd period - Wrist shot by Jason Robertson.
1:40 of 2nd period - Stopped by Anthony Stolarz with a rebound.
1:42 of 2nd period - Wrist shot by Jason Robertson.
1:42 of 2nd period - Shot Misses the Net.
1:44 of 2nd period - Wrist shot by Nick Suzuki.
1:44 of 2nd period - Stopped by Anthony Stolarz with a rebound.
2:05 of 2nd period - Snap shot by Kyle Connor.
2:05 of 2nd period - Stopped by Andrei Vasilevskiy with a rebound.
2:15 of 2nd period - Slapshot by Claude Giroux.
2:15 of 2nd period - Shot Misses the Net.
4:13 of 2nd period - Marc Del Gaizo is hit by Jake McCabe and loses puck.
5:08 of 2nd period - William Karlsson is hit by Rasmus Andersson and loses puck.
5:31 of 2nd period - Robby Fabbri is hit by Jeremy Lauzon and loses puck.
5:42 of 2nd period - Snap shot by Carter Verhaeghe.
5:42 of 2nd period - Shot Misses the Net.
5:44 of 2nd period - Slapshot by Josh Morrissey.
5:44 of 2nd period - Stopped by Andrei Vasilevskiy with a rebound.
6:03 of 2nd period - Thomas Harley is hit by Erik Haula and loses puck.
6:08 of 2nd period - Snap shot by Cody Glass.
6:08 of 2nd period - Shot Blocked by Jake McCabe.
6:14 of 2nd period - Josh Morrissey is hit by Jake McCabe.
6:34 of 2nd period - Kyle Connor is hit by Dmitry Kulikov and loses puck.
6:45 of 2nd period - Dylan Samberg is hit by Colton Parayko and loses puck.
6:55 of 2nd period - Icing by Dylan Samberg.
6:56 of 2nd period - Nick Suzuki wins face-off versus Chandler Stephenson in Rangers zone.
7:35 of 2nd period - Backhand shot by Carter Verhaeghe.
7:35 of 2nd period - Shot Blocked by Thomas Harley.
7:49 of 2nd period - Snap shot by Max Domi.
7:49 of 2nd period - Stopped by Anthony Stolarz with a rebound.
7:51 of 2nd period - Snap shot by Robby Fabbri.
7:51 of 2nd period - Shot Blocked by Nick Jensen.
7:53 of 2nd period - Wrist shot by Jani Nyman.
7:53 of 2nd period - Goal by Jani Nyman - Rangers : 1 - Golden Seals : 2.
7:54 of 2nd period - Roope Hintz wins face-off versus Nick Suzuki in neutral zone.
8:09 of 2nd period - Slapshot by Jason Robertson.
8:09 of 2nd period - Stopped by Anthony Stolarz without a rebound.
8:10 of 2nd period - Claude Giroux wins face-off versus William Karlsson in Rangers zone.
8:41 of 2nd period - Slapshot by Josh Morrissey.
8:41 of 2nd period - Shot Misses the Net.
8:43 of 2nd period - Wrist shot by Nazem Kadri.
8:43 of 2nd period - Shot Blocked by Cody Ceci.
8:45 of 2nd period - Slapshot by Kyle Connor.
8:45 of 2nd period - Shot Misses the Net.
8:47 of 2nd period - Wrist shot by Nazem Kadri.
8:47 of 2nd period - Shot Blocked by Cody Ceci.
8:49 of 2nd period - Snap shot by Nazem Kadri.
8:49 of 2nd period - Shot Misses the Net.
8:53 of 2nd period - Wrist shot by Kyle Connor.
8:53 of 2nd period - Shot Blocked by Cody Ceci.
8:55 of 2nd period - Backhand shot by Josh Morrissey.
8:55 of 2nd period - Stopped by Andrei Vasilevskiy without a rebound.
8:56 of 2nd period - Nick Suzuki wins face-off versus Roope Hintz in Golden Seals zone.
9:01 of 2nd period - Slapshot by Jake McCabe.
9:01 of 2nd period - Deflect By Nick Suzuki.
9:01 of 2nd period - Shot Blocked by Conor Garland.
9:01 of 2nd period - Puck is out of play.
9:02 of 2nd period - Roope Hintz wins face-off versus Jaden Schwartz in Rangers zone.
9:07 of 2nd period - Snap shot by Conor Garland.
9:07 of 2nd period - Shot Blocked by Thomas Harley.
9:19 of 2nd period - Snap shot by Nick Suzuki.
9:19 of 2nd period - Shot Misses the Net.
9:29 of 2nd period - Slapshot by Tyler Toffoli.
9:29 of 2nd period - Stopped by Anthony Stolarz without a rebound.
9:30 of 2nd period - Chandler Stephenson wins face-off versus Bobby Brink in Rangers zone.
10:10 of 2nd period - Icing by Josh Morrissey.
10:11 of 2nd period - William Karlsson wins face-off versus Roope Hintz in Rangers zone.
10:26 of 2nd period - Snap shot by Conor Garland.
10:26 of 2nd period - Stopped by Andrei Vasilevskiy without a rebound.
10:27 of 2nd period - Claude Giroux wins face-off versus Nick Suzuki in Golden Seals zone.
10:36 of 2nd period - Wrist shot by Nick Suzuki.
10:36 of 2nd period - Stopped by Anthony Stolarz with a rebound.
10:38 of 2nd period - Slapshot by Colton Parayko.
10:38 of 2nd period - Shot Blocked by Kyle Connor.
11:35 of 2nd period - Off-side.
11:36 of 2nd period - Nicolas Roy wins face-off versus Mavrik Bourque in neutral zone.
11:39 of 2nd period - Slapshot by Josh Morrissey.
11:39 of 2nd period - Stopped by Andrei Vasilevskiy without a rebound.
11:40 of 2nd period - Mavrik Bourque wins face-off versus Nicolas Roy in Golden Seals zone.
11:40 of 2nd period - Mavrik Bourque is hit by Erik Haula.
12:31 of 2nd period - Snap shot by Roope Hintz.
12:31 of 2nd period - Stopped by Andrei Vasilevskiy without a rebound.
12:32 of 2nd period - William Karlsson wins face-off versus Roope Hintz in Golden Seals zone.
12:34 of 2nd period - Minor Penalty to Jake McCabe for High sticking.
12:35 of 2nd period - Nazem Kadri wins face-off versus Mavrik Bourque in Golden Seals zone.
12:43 of 2nd period - Slapshot by Kyle Connor.
12:43 of 2nd period - Deflect By Roope Hintz.
12:43 of 2nd period - Shot Misses the Net.
12:43 of 2nd period - Puck is out of play.
12:44 of 2nd period - Nazem Kadri wins face-off versus Mavrik Bourque in Golden Seals zone.
13:07 of 2nd period - Snap shot by Josh Morrissey.
13:07 of 2nd period - Shot Misses the Net.
13:09 of 2nd period - Slapshot by Josh Morrissey.
13:09 of 2nd period - Stopped by Andrei Vasilevskiy without a rebound.
13:10 of 2nd period - William Karlsson wins face-off versus Cole Perfetti in Golden Seals zone.
13:23 of 2nd period - Barclay Goodrow is hit by Cole Perfetti.
14:02 of 2nd period - Dmitry Kulikov is hit by Carter Verhaeghe and loses puck.
14:33 of 2nd period - Wrist shot by Roope Hintz.
14:33 of 2nd period - Shot Blocked by Nick Suzuki.
14:34 of 2nd period - Penalty to Jake McCabe is over, Jake McCabe is back on ice.
14:35 of 2nd period - Snap shot by Nick Jensen.
14:35 of 2nd period - Stopped by Andrei Vasilevskiy with a rebound.
14:52 of 2nd period - Dmitry Kulikov is hit by Cody Glass and loses puck.
15:18 of 2nd period - Slapshot by Jani Nyman.
15:18 of 2nd period - Stopped by Anthony Stolarz without a rebound.
15:19 of 2nd period - Nicolas Roy wins face-off versus William Karlsson in Rangers zone.
15:48 of 2nd period - Snap shot by Max Domi.
15:48 of 2nd period - Shot Blocked by Marc Del Gaizo.
15:50 of 2nd period - Snap shot by Robby Fabbri.
15:50 of 2nd period - Goal by Robby Fabbri - Rangers : 1 - Golden Seals : 3.
15:51 of 2nd period - Roope Hintz wins face-off versus Nick Suzuki in neutral zone.
15:51 of 2nd period - Conor Garland is hit by Jaden Schwartz and loses puck.
15:58 of 2nd period - Slapshot by Nick Suzuki.
15:58 of 2nd period - Stopped by Anthony Stolarz without a rebound.
15:59 of 2nd period - Roope Hintz wins face-off versus Nick Suzuki in Rangers zone.
16:30 of 2nd period - Snap shot by Nick Suzuki.
16:30 of 2nd period - Stopped by Anthony Stolarz without a rebound.
16:31 of 2nd period - William Karlsson wins face-off versus Claude Giroux in Rangers zone.
16:48 of 2nd period - Wrist shot by Kyle Connor.
16:48 of 2nd period - Goal by Kyle Connor - Rangers : 2 - Golden Seals : 3.
16:49 of 2nd period - Nick Suzuki wins face-off versus Claude Giroux in neutral zone.
17:16 of 2nd period - Jake McCabe is hit by Carter Verhaeghe and loses puck.
18:07 of 2nd period - Mavrik Bourque is hit by Erik Haula.
18:31 of 2nd period - Slapshot by Nazem Kadri.
18:31 of 2nd period - Deflect By Jason Robertson.
18:31 of 2nd period - Stopped by Andrei Vasilevskiy without a rebound.
18:32 of 2nd period - William Karlsson wins face-off versus Roope Hintz in Golden Seals zone.
19:05 of 2nd period - Slapshot by Nick Suzuki.
19:05 of 2nd period - Shot Blocked by Josh Morrissey.
19:07 of 2nd period - Slapshot by Nick Suzuki.
19:07 of 2nd period - Stopped by Anthony Stolarz without a rebound.
19:08 of 2nd period - Roope Hintz wins face-off versus William Karlsson in Rangers zone.
19:13 of 2nd period - Jake McCabe is hit by Jeremy Lauzon and loses puck.
19:18 of 2nd period - Slapshot by Carter Verhaeghe.
19:18 of 2nd period - Stopped by Andrei Vasilevskiy without a rebound.
19:19 of 2nd period - Nick Suzuki wins face-off versus Claude Giroux in Golden Seals zone.
19:25 of 2nd period - Off-side.
19:26 of 2nd period - Claude Giroux wins face-off versus Nick Suzuki in neutral zone.
19:26 of 2nd period - Claude Giroux is hit by Jason Robertson.
19:52 of 2nd period - Snap shot by Carter Verhaeghe.
19:52 of 2nd period - Shot Blocked by Tyler Toffoli.
19:54 of 2nd period - Wrist shot by Conor Garland.
19:54 of 2nd period - Shot Misses the Net.
Goals for this period are 1 for Rangers vs 2 for Golden Seals.
Shots for this period are 11 for Rangers vs 12 for Golden Seals.
3rd period
0:01 of 3rd period - Nick Suzuki wins face-off versus Roope Hintz in neutral zone.
0:32 of 3rd period - Slapshot by Claude Giroux.
0:32 of 3rd period - Shot Misses the Net.
0:48 of 3rd period - Wrist shot by Cole Perfetti.
0:48 of 3rd period - Shot Misses the Net.
1:06 of 3rd period - Erik Haula is hit by Barclay Goodrow and loses puck.
1:17 of 3rd period - Slapshot by Barclay Goodrow.
1:17 of 3rd period - Stopped by Anthony Stolarz with a rebound.
1:53 of 3rd period - Josh Morrissey is hit by William Karlsson and loses puck.
2:45 of 3rd period - Icing by Ryan Suter.
2:46 of 3rd period - Nick Suzuki wins face-off versus Claude Giroux in Golden Seals zone.
2:57 of 3rd period - Wrist shot by Jason Robertson.
2:57 of 3rd period - Shot Misses the Net.
2:59 of 3rd period - Wrist shot by Nick Suzuki.
2:59 of 3rd period - Stopped by Anthony Stolarz without a rebound.
3:00 of 3rd period - Roope Hintz wins face-off versus Nick Suzuki in Rangers zone.
3:53 of 3rd period - Slapshot by Chandler Stephenson.
3:53 of 3rd period - Shot Misses the Net.
3:55 of 3rd period - Backhand shot by Marc Del Gaizo.
3:55 of 3rd period - Shot Blocked by Max Domi.
3:57 of 3rd period - Slapshot by Marc Del Gaizo.
3:57 of 3rd period - Deflect By Thomas Harley.
3:57 of 3rd period - Stopped by Andrei Vasilevskiy without a rebound.
3:58 of 3rd period - Nick Suzuki wins face-off versus Chandler Stephenson in Golden Seals zone.
4:11 of 3rd period - Off-side.
4:12 of 3rd period - Roope Hintz wins face-off versus Jaden Schwartz in neutral zone.
4:39 of 3rd period - William Karlsson is hit by Nazem Kadri.
4:53 of 3rd period - Wrist shot by Nazem Kadri.
4:53 of 3rd period - Shot Blocked by Colton Parayko.
5:09 of 3rd period - Snap shot by Mavrik Bourque.
5:09 of 3rd period - Stopped by Anthony Stolarz without a rebound.
5:10 of 3rd period - Roope Hintz wins face-off versus Nick Suzuki in Rangers zone.
5:17 of 3rd period - Snap shot by Jason Robertson.
5:17 of 3rd period - Stopped by Anthony Stolarz without a rebound.
5:18 of 3rd period - Roope Hintz wins face-off versus Nick Suzuki in Rangers zone.
5:37 of 3rd period - Wrist shot by Jason Robertson.
5:37 of 3rd period - Stopped by Anthony Stolarz without a rebound.
5:38 of 3rd period - William Karlsson wins face-off versus Claude Giroux in Rangers zone.
6:05 of 3rd period - Carter Verhaeghe is hit by Cody Ceci and loses puck.
6:30 of 3rd period - Wrist shot by Max Domi.
6:30 of 3rd period - Shot Blocked by Josh Morrissey.
6:44 of 3rd period - Zachary L'Heureux is hit by Cody Glass and loses puck.
7:15 of 3rd period - Snap shot by Carter Verhaeghe.
7:15 of 3rd period - Shot Blocked by Jake McCabe.
7:17 of 3rd period - Snap shot by Marc Del Gaizo.
7:17 of 3rd period - Stopped by Andrei Vasilevskiy without a rebound.
7:18 of 3rd period - Claude Giroux wins face-off versus William Karlsson in Golden Seals zone.
7:31 of 3rd period - Wrist shot by Kyle Connor.
7:31 of 3rd period - Shot Blocked by Dmitry Kulikov.
7:43 of 3rd period - Max Domi is hit by Carter Verhaeghe and loses puck.
7:48 of 3rd period - Wrist shot by Carter Verhaeghe.
7:48 of 3rd period - Stopped by Andrei Vasilevskiy with a rebound.
7:50 of 3rd period - Slapshot by Jeremy Lauzon.
7:50 of 3rd period - Deflect By Conor Garland.
7:50 of 3rd period - Stopped by Andrei Vasilevskiy with a rebound.
7:52 of 3rd period - Slapshot by Jeremy Lauzon.
7:52 of 3rd period - Stopped by Andrei Vasilevskiy without a rebound.
7:53 of 3rd period - Nick Suzuki wins face-off versus Claude Giroux in Golden Seals zone.
7:59 of 3rd period - Off-side.
8:00 of 3rd period - Claude Giroux wins face-off versus Nick Suzuki in neutral zone.
8:08 of 3rd period - Icing by Jake McCabe.
8:09 of 3rd period - Nick Suzuki wins face-off versus Claude Giroux in Golden Seals zone.
8:09 of 3rd period - Nick Suzuki is hit by Claude Giroux.
9:07 of 3rd period - Snap shot by Jason Robertson.
9:07 of 3rd period - Stopped by Anthony Stolarz with a rebound.
9:09 of 3rd period - Wrist shot by Jaden Schwartz.
9:09 of 3rd period - Shot Blocked by Kyle Connor.
9:11 of 3rd period - Slapshot by Thomas Harley.
9:11 of 3rd period - Shot Blocked by Claude Giroux.
9:13 of 3rd period - Wrist shot by Nick Suzuki.
9:13 of 3rd period - Stopped by Anthony Stolarz without a rebound.
9:14 of 3rd period - Roope Hintz wins face-off versus Tyler Toffoli in Rangers zone.
9:14 of 3rd period - Roope Hintz is hit by Bobby Brink.
9:31 of 3rd period - Cody Ceci is hit by Carter Verhaeghe and loses puck.
10:00 of 3rd period - Snap shot by William Karlsson.
10:00 of 3rd period - Shot Misses the Net.
10:02 of 3rd period - Slapshot by Colton Parayko.
10:02 of 3rd period - Stopped by Anthony Stolarz with a rebound.
10:45 of 3rd period - Snap shot by Tyler Toffoli.
10:45 of 3rd period - Stopped by Anthony Stolarz without a rebound.
10:46 of 3rd period - Nick Suzuki wins face-off versus Chandler Stephenson in Rangers zone.
11:13 of 3rd period - Chandler Stephenson is hit by Thomas Harley and loses puck.
11:33 of 3rd period - Wrist shot by Warren Foegele.
11:33 of 3rd period - Stopped by Andrei Vasilevskiy with a rebound.
11:35 of 3rd period - Wrist shot by Chandler Stephenson.
11:35 of 3rd period - Shot Misses the Net.
11:37 of 3rd period - Snap shot by Chandler Stephenson.
11:37 of 3rd period - Goal by Chandler Stephenson - Rangers : 3 - Golden Seals : 3.
11:38 of 3rd period - Claude Giroux wins face-off versus Nick Suzuki in neutral zone.
12:05 of 3rd period - Jeremy Lauzon is hit by Max Domi and loses puck.
12:44 of 3rd period - Bobby Brink is hit by Conor Garland and loses puck.
12:57 of 3rd period - Dylan Samberg is hit by Nick Suzuki and loses puck.
13:15 of 3rd period - Jaden Schwartz is hit by Carter Verhaeghe and loses puck.
13:20 of 3rd period - Snap shot by Carter Verhaeghe.
13:20 of 3rd period - Shot Misses the Net.
13:22 of 3rd period - Wrist shot by Roope Hintz.
13:22 of 3rd period - Shot Blocked by Dmitry Kulikov.
13:24 of 3rd period - Wrist shot by Conor Garland.
13:24 of 3rd period - Shot Misses the Net.
13:26 of 3rd period - Snap shot by Conor Garland.
13:26 of 3rd period - Shot Misses the Net.
14:37 of 3rd period - Carter Verhaeghe is hit by Jake McCabe.
14:45 of 3rd period - Wrist shot by Conor Garland.
14:45 of 3rd period - Stopped by Andrei Vasilevskiy with a rebound.
14:47 of 3rd period - Wrist shot by Conor Garland.
14:47 of 3rd period - Stopped by Andrei Vasilevskiy without a rebound.
14:48 of 3rd period - Claude Giroux wins face-off versus William Karlsson in Golden Seals zone.
14:55 of 3rd period - Snap shot by Kyle Connor.
14:55 of 3rd period - Stopped by Andrei Vasilevskiy with a rebound.
15:12 of 3rd period - Icing by Cody Ceci.
15:13 of 3rd period - Max Domi wins face-off versus Chandler Stephenson in Golden Seals zone.
15:29 of 3rd period - Snap shot by Jani Nyman.
15:29 of 3rd period - Shot Misses the Net.
16:03 of 3rd period - Snap shot by Kyle Connor.
16:03 of 3rd period - Shot Misses the Net.
16:23 of 3rd period - Wrist shot by Erik Haula.
16:23 of 3rd period - Stopped by Andrei Vasilevskiy without a rebound.
16:24 of 3rd period - Nicolas Roy wins face-off versus William Karlsson in Golden Seals zone.
16:29 of 3rd period - Slapshot by Josh Morrissey.
16:29 of 3rd period - Stopped by Andrei Vasilevskiy with a rebound.
16:37 of 3rd period - Josh Morrissey is hit by Tyler Toffoli and loses puck.
17:01 of 3rd period - Off-side.
17:02 of 3rd period - Tyler Toffoli wins face-off versus Chandler Stephenson in neutral zone.
17:20 of 3rd period - Rasmus Andersson is hit by Max Domi and loses puck.
17:27 of 3rd period - Kyle Connor is hit by Max Domi and loses puck.
17:37 of 3rd period - Icing by Dylan Samberg.
17:38 of 3rd period - Claude Giroux wins face-off versus Nick Suzuki in Rangers zone.
17:43 of 3rd period - Snap shot by Chandler Stephenson.
17:43 of 3rd period - Stopped by Andrei Vasilevskiy with a rebound.
17:47 of 3rd period - Snap shot by Chandler Stephenson.
17:47 of 3rd period - Shot Blocked by Jaden Schwartz.
17:49 of 3rd period - Slapshot by Dylan Samberg.
17:49 of 3rd period - Shot Misses the Net.
17:51 of 3rd period - Slapshot by Rasmus Andersson.
17:51 of 3rd period - Stopped by Andrei Vasilevskiy without a rebound.
17:52 of 3rd period - Robby Fabbri wins face-off versus Claude Giroux in Golden Seals zone.
18:38 of 3rd period - Off-side.
18:39 of 3rd period - William Karlsson wins face-off versus Roope Hintz in neutral zone.
18:50 of 3rd period - Snap shot by William Karlsson.
18:50 of 3rd period - Shot Hit the Post.
18:52 of 3rd period - Snap shot by William Karlsson.
18:52 of 3rd period - Goal by William Karlsson - Rangers : 3 - Golden Seals : 4.
18:53 of 3rd period - William Karlsson wins face-off versus Roope Hintz in neutral zone.
19:02 of 3rd period - Slapshot by William Karlsson.
19:02 of 3rd period - Shot Misses the Net.
19:08 of 3rd period - Rangers, Anthony Stolarz is pulled from the net.
Goals for this period are 1 for Rangers vs 1 for Golden Seals.
Shots for this period are 14 for Rangers vs 10 for Golden Seals.